 Dungeon Crawl Stone Soup version bcrawl-1.28.1b (webtiles) character file.

Game seed: 18127091784263019676

161593 Adamkad1 the Ruffian (level 4, 0/36 HPs)
             Began as a Draconian Transmuter on Dec 12, 2020.
             Killed by divine providence
             ... invoked by an orc priest
              (11 damage)
             ... on level 3 of the Dungeon.
             The game lasted 00:02:32 (1560 turns).

Adamkad1 the Ruffian (Draconian Transmuter)         Turns: 1560, Time: 00:02:32

Health: 0/36       AC:  5    Str: 13    XL:     4   Next: 55%
Magic:  6/7        EV: 12    Int: 13    God:
Gold:   93         SH:  0    Dex: 12    Spells: 2/8 levels left

rFire    . . .     SeeInvis .     - Fists (7.3)
rCold    . . .     Gourm    .   (no shield)
rNeg     . . .     Faith    .   (armour unavailable)
rPois    .         Spirit   .   (helmet restricted)
rElec    .         Reflect  .   (no cloak)
rCorr    .         Harm     .   (no gloves)
MR       .....                  (no boots)
Stlth    +.........             (no amulet)
HPRegen  0.12/turn              (no ring)
MPRegen  0.10/turn              (no ring)

@: lethally poisoned (0 -> -2), very slightly contaminated
A: unfitting armour, cold-blooded, AC +5
a: no special abilities


You were on level 3 of the Dungeon.
You were not hungry.

You visited 2 branches of the dungeon, and saw 5 of its levels.

You collected 93 gold pieces.

Inventory:

Missiles
 a - 120 arrows
Armour
 j - a +0 pair of gloves
Jewellery
 i - an uncursed ring of wizardry {unknown}
Scrolls
 d - 2 scrolls of immolation {unknown}
 f - 3 scrolls of enchant armour {unknown}
 g - 2 scrolls of remove curse {unknown}
 h - a scroll of noise {unknown}
 k - a scroll of amnesia {unknown}
 n - a scroll of blinking {unknown}
 q - 3 scrolls of identify
Potions
 b - a potion of curing {unknown}
 c - a potion of lignification
 l - a potion of flight {unknown}
 m - 2 potions of agility {unknown}
 o - 2 potions of resistance {unknown}
 p - a potion of mutation {unknown}
Comestibles
 e - 5 rations {!d}
 r - 2 chunks of flesh


   Skills:
 + Level 2.3 Fighting
 + Level 2.5 Dodging
 + Level 3.5 Unarmed Combat
 + Level 2.6 Spellcasting
 + Level 2.7 Transmutations


You had 2 spell levels left.
You knew the following spells:

 Your Spells              Type           Power        Failure   Level  Hunger
a - Beastly Appendage     Tmut           #.....       8%          1    None
b - Spider Form           Tmut/Pois      #..          38%         3    ####...
c - Passwall              Tmut/Erth      #.......     21%         2    ##.....

Your spell library contained the following spells:

 Spells                   Type           Power        Failure   Level  Hunger
 Sticks to Snakes         Tmut           #.......     12%         2    ##.....
 Ice Form                 Ice/Tmut       #.......     80%         4    #####..
 Blade Hands              Tmut           #.........   91%         5    #######


Dungeon Overview and Level Annotations

Branches:
Dungeon (4/12)             Temple (1/1) D:4

Altars:
Cheibriados
Elyvilon
Fedhas
Gozag
Hepliaklqana
Kikubaaqudgha
Makhleb
Nemelex Xobeh
Qazlal
Ru
Trog
Vehumet
Xom


Innate Abilities, Weirdness & Mutations

Your plain brown scales are hard. (AC +5)
You cannot fit into any form of body armour.
You are cold-blooded and may be slowed by cold attacks.


Message History

You see here an adder corpse.
Your horns disappear.
You feel sick.
The orc shouts!
You hear a shout! x2
You miss the frilled lizard.
Your tail-slap misses the frilled lizard.
The frilled lizard barely misses you.
You barely miss the frilled lizard. You tail-slap the frilled lizard.
You kill the frilled lizard!
You feel sick.
Casting: Beastly Appendage (safe; 8% risk of failure)
Confirm with . or Enter, or press ? or * to list all spells.
You miscast Beastly Appendage.
You are very lightly contaminated with residual magic.
Nothing appears to happen.
The orc priest shouts!
You feel sick.
The orc priest invokes the aid of Beogh against you.
Beogh smites you!
You die...

#...........#.#..... ♣≈≈
#........#.o........ ♣P≈
##>########..##.........≈♣♣
##.....#......# ........♣♣
.#............$## .........
..................###.......##.
..............o.........#...#..
.................††### #.....#
..#............@...# #....##
..#................#######.÷....
#.#...........................
#.##...........#########...###
...##....#### #...# #..... #...#
#..... #...# #..... #...# #####


You could see an orc priest and an orc.

Vanquished Creatures
  A crimson imp (D:4)
  3 adders
  2 worms
  3 dart slugs
  3 leopard geckos
  An orc (D:2)
  A giant cockroach (D:2)
  5 goblins
  3 hobgoblins
  A jackal (D:1)
  A ball python (D:1)
  2 bats (D:1)
  3 frilled lizards
  3 kobolds (D:1)
  3 rats
35 creatures vanquished.

Notes
Turn   | Place    | Note
-------+----------+-------------------------------------------
     0 | D:1      | Adamkad1 the Draconian Transmuter began the quest for the
                  | Orb.
     0 | D:1      | Reached XP level 1. HP: 16/16 MP: 3/3
   231 | D:1      | Reached XP level 2. HP: 23/23 MP: 3/5
   853 | D:2      | Reached XP level 3. HP: 12/29 MP: 6/6
   952 | D:2      | Learned a level 3 spell: Spider Form
   955 | D:2      | Learned a level 2 spell: Passwall
  1080 | D:3      | Noticed a water elemental
  1098 | D:3      | Noticed a fire elemental
  1332 | D:4      | Found a staircase to the Ecumenical Temple.
  1343 | D:4      | Reached XP level 4. HP: 23/36 MP: 5/7
  1359 | Temple   | Entered the Ecumenical Temple
  1560 | D:3      | Killed from afar by an orc priest

Skill      XL: |  1  2  3 |
---------------+----------+-----
Dodging        | 2 |  2.5
Fighting       | 2 |  2.3
Unarmed Combat | |  3.5
Spellcasting   | |  2.6
Transmutations | |  2.7

Action                   |  1- 3 |  4- 6 || total
-------------------------+-------+-------++-------
Melee: Unarmed           |    93 |    18 ||   111
       Kick              |     8 |       ||     8
       Tailslap          |     8 |     1 ||     9
       Headbutt          |     3 |       ||     3
       Punch             |     1 |       ||     1
 Cast: Beastly Appendage |    22 |     2 ||    24
  Eat: Chunk             |     4 |     1 ||     5
Armor: Skin              |    11 |       ||    11
Dodge: Dodged            |    51 |    14 ||    65
